 Dungeon Crawl Stone Soup version 0.23.0 (webtiles) character file.

Game seed: 8773525379092363623

6568 Kairos the Cleaver (level 11, -7/58 HPs)
             Began as a Vine Stalker Fighter on Feb 10, 2019.
             Was a Believer of Cheibriados.
             Mangled by a blink frog (11 damage)
             ... on level 1 of the Lair of Beasts.
             The game lasted 00:09:02 (5059 turns).

Kairos the Cleaver (Vine Stalker Fighter)           Turns: 5059, Time: 00:09:03

Health: -7/58      AC:  9    Str: 27    XL:     11   Next: 1%
Magic:  0/12       EV: 11    Int: 17    God:    Cheibriados [**....]
Gold:   203        SH: 12    Dex: 19    Spells: 10/10 levels left

rFire    . . .     SeeInvis .   a - +0 war axe
rCold    . . .     Gourm    .   c - +0 shield
rNeg     . . .     Faith    .   b - +0 scale mail
rPois    .         Spirit   +   (no helmet)
rElec    .         Reflect  .   (no cloak)
rCorr    .         Harm     .   (no gloves)
MR       +....                  m - +0 pair of boots
Stlth    +.........             (no amulet)
HPRegen  0.59/turn              z - +4 ring of intelligence
MPRegen  0.13/turn              (no ring)

@: lethally poisoned (-7 -> -7), very slow
A: fangs 3, regeneration 1, magic shield, antimagic bite, no potion heal 3, rot
immunity
a: Bend Time, Renounce Religion


You were on level 1 of the Lair of Beasts.
You worshipped Cheibriados.
Cheibriados was pleased with you.
You were not hungry.

You visited 2 branches of the dungeon, and saw 8 of its levels.

You collected 203 gold pieces.

Inventory:

Hand Weapons
 a - a +0 war axe (weapon)
Armour
 b - a +0 scale mail (worn)
 c - a +0 shield (worn)
 m - a +0 pair of boots (worn)
Jewellery
 d - an uncursed amulet of magic regeneration {unknown}
 z - a +4 ring of intelligence (left hand)
Wands
 l - a wand of acid (3)
 n - a wand of iceblast (12)
Scrolls
 g - a scroll of identify
 h - 8 scrolls of remove curse
 j - a scroll of blinking
 k - a scroll of enchant armour
 p - 2 scrolls of fog
 s - a scroll of holy word {unknown}
 w - a scroll of brand weapon {unknown}
 y - a scroll of fear {unknown}
 A - a scroll of magic mapping
Potions
 e - a potion of brilliance
 i - 2 potions of agility
 o - 3 potions of curing
 q - a potion of berserk rage {unknown}
 r - a potion of haste {unknown}
 t - a potion of mutation {unknown}
 u - a potion of ambrosia {unknown}
 v - a potion of magic {unknown}
 x - 2 potions of resistance {unknown}
Comestibles
 f - 10 rations


   Skills:
 + Level 6.5 Fighting
 + Level 9.7 Axes
 + Level 6.5 Armour
 + Level 3.9 Dodging
 + Level 1.4 Stealth
 + Level 6.4 Shields
 + Level 0.1 Invocations
 + Level 0.1 Evocations


You had 10 spell levels left.
You didn't know any spells.
Your spell library was empty.

Dungeon Overview and Level Annotations

Branches:
Dungeon (9/15)               Lair (1/6) D:8
 Temple: D:4-7          Orc: D:9-12

Altars:
Cheibriados
Fedhas
Wu Jian
Yredelemnul

Shops:
D:7 [


Innate Abilities, Weirdness & Mutations

You have razor-sharp teeth.
Your natural rate of healing is unusually fast.
When hurt, damage is shared between your health and your magic reserves.
Your bite disrupts and absorbs the magic of your enemies.
Potions cannot restore your health.
You are immune to rotting.


Message History

* * * LOW HITPOINT WARNING * * *
The blink frog hits you.
* * * LOW HITPOINT WARNING * * *
You fail to use your ability.
You feel sick. The blink frog hits you!
* * * LOW HITPOINT WARNING * * *
The blink frog blinks!
You hit the blink frog. Your bite misses the blink frog.
The blink frog is heavily wounded.
You slash the blink frog! You block the blink frog's attack.
The blink frog blinks!
The blink frog hits you.
* * * LOW HITPOINT WARNING * * *
The blink frog blinks!
Unknown command.
You block the blink frog's attack. The blink frog barely misses you.
The blink frog blinks!
You barely miss the blink frog. Your bite misses the blink frog.
The blink frog is lightly wounded.
You feel sick. You block the blink frog's attack.
The blink frog blinks!
The blink frog hits you!
You die...

...... ................. .......
.............# # #..##.#.
..##.+.#....# # .......#..
#.###...# # .......#..
##..##...####### # .......P..
###.§###.........#### ..........
+.....##...####..##P#
.............###.##P...# #.....†
.......# ... #@##....# #######
.......# ... #F#.#...# #
.......#.... .F......# ### #
##.##.##.... .§.......#####.####
............ ....................
................F................
............#########..#[.######.
............ ..#########.
##.#.###.... #........


You could see 3 blink frogs.

Vanquished Creatures
  A black mamba (Lair:1)
  A komodo dragon (Lair:1)
  A hornet (D:9)
  11 blink frogs (Lair:1)
  2 hippogriffs (Lair:1)
  6 yaks (Lair:1)
  A wyvern (D:8)
  2 basilisks (Lair:1)
  A hungry ghost (D:8)
  A water moccasin (Lair:1)
  A porcupine (Lair:1)
  An ice beast (D:9)
  3 ogres (D:7)
  3 centaurs
  2 crocodiles (Lair:1)
  3 bullfrogs
  4 wights (D:8)
  4 howler monkeys (D:8)
  A centaur zombie (D:7)
  A crimson imp (D:7)
  A lava snake (D:7)
  A hound (D:8)
  A bullfrog skeleton (D:3)
  An orc priest (D:4)
  A centaur skeleton (D:8)
  5 orc wizards
  An iguana (D:7)
  2 worker ants
  2 adders
  2 shadow imps
  An adder zombie (D:9)
  2 worms (D:2)
  A dart slug (D:1)
  2 leopard geckos
  22 orcs
  2 ball pythons (D:3)
  8 bats
  4 giant cockroaches
  21 goblins
  9 hobgoblins
  10 jackals
  A frilled lizard (D:2)
  10 kobolds
  A leopard gecko zombie (D:8)
  9 rats
170 creatures vanquished.

Vanquished Creatures (others)
  2 fungi (Lair:1)
  A plant (Lair:1)
3 creatures vanquished.

Grand Total: 173 creatures vanquished

Notes
Turn   | Place    | Note
-------+----------+-------------------------------------------
     0 | D:1      | Kairos the Vine Stalker Fighter began the quest for the
                  | Orb.
     0 | D:1      | Reached XP level 1. HP: 11/11 MP: 2/2
    81 | D:1      | Reached XP level 2. HP: 15/16 MP: 3/3
   111 | D:1      | Reached skill level 2 in Axes
   243 | D:1      | Reached XP level 3. HP: 19/20 MP: 2/4
   778 | D:2      | Reached skill level 3 in Axes
   778 | D:2      | Gained mutation: Your natural rate of healing is unusually
                  | fast. [Vine Stalker growth]
   778 | D:2      | Reached XP level 4. HP: 3/24 MP: 0/5
   885 | D:2      | Reached XP level 5. HP: 28/28 MP: 6/6
  1452 | D:3      | Reached skill level 4 in Axes
  1453 | D:3      | Reached XP level 6. HP: 32/32 MP: 7/7
  1495 | D:3      | Found a basalt altar of Yredelemnul.
  1794 | D:4      | You fall through a shaft for 3 floors!
  1821 | D:7      | Reached skill level 1 in Dodging
  2213 | D:7      | Reached XP level 7. HP: 14/36 MP: 4/8
  2265 | D:7      | Reached skill level 5 in Axes
  2571 | D:7      | Found Ifui's Armour Shoppe.
  2852 | D:7      | Found a snail-covered altar of Cheibriados.
  2855 | D:7      | Became a worshipper of Cheibriados the Contemplative
  2883 | D:8      | Gained mutation: You have razor-sharp teeth. [Vine Stalker
                  | growth]
  2883 | D:8      | Reached XP level 8. HP: 36/42 MP: 7/9
  2943 | D:8      | Reached skill level 6 in Axes
  3014 | D:8      | Noticed a wyvern
  3025 | D:8      | Killed a wyvern
  3193 | D:8      | Reached * piety under Cheibriados
  3302 | D:8      | Found a blossoming altar of Fedhas.
  3302 | D:8      | Found an ornate altar of the Wu Jian Council.
  3402 | D:9      | Noticed a hornet
  3408 | D:9      | Killed a hornet
  3408 | D:9      | Reached skill level 5 in Fighting
  3408 | D:9      | Reached skill level 7 in Axes
  3408 | D:9      | Reached XP level 9. HP: 47/47 MP: 10/10
  3467 | D:8      | Reached skill level 5 in Shields
  3530 | D:8      | Found a staircase to the Lair.
  3570 | D:8      | Reached skill level 1 in Stealth
  3587 | Lair:1   | Entered Level 1 of the Lair of Beasts
  3610 | Lair:1   | Noticed a black mamba
  3624 | Lair:1   | Killed a black mamba
  3834 | Lair:1   | Reached skill level 8 in Axes
  3870 | Lair:1   | Reached skill level 5 in Armour
  3873 | Lair:1   | Reached XP level 10. HP: 11/53 MP: 5/11
  4207 | Lair:1   | Reached ** piety under Cheibriados
  4542 | Lair:1   | Reached skill level 9 in Axes
  5035 | Lair:1   | Reached XP level 11. HP: 11/58 MP: 7/12
  5059 | Lair:1   | Mangled by a blink frog

Skill      XL: |  1  2  3  4  5  6  7  8  9 10 |
---------------+-------------------------------+-----
Axes           | 2 3 4 5 7 8 9 |  9.7
Fighting       | 3 4 5 6 |  6.5
Shields        | 3 4 5 6 |  6.4
Armour         | 3 4 5 6 |  6.5
Dodging        | 1 2 3 |  3.9
Stealth        | 1 |  1.4
Invocations    | |  0.1
Evocations     | |  0.1

Action                   |  1- 3 |  4- 6 |  7- 9 | 10-12 || total
-------------------------+-------+-------+-------+-------++-------
Melee: War axe           |    78 |   148 |   182 |   105 ||   513
       Bite              |     9 |    41 |    66 |    53 ||   169
Invok: Bend Time         |       |       |       |     2 ||     2
Evoke: Wand              |     1 |     2 |     2 |       ||     5
  Use: Scroll            |     3 |     4 |       |       ||     7
       Potion            |       |       |     2 |     1 ||     3
  Eat: Chunk             |       |     3 |     5 |       ||     8
       Ration            |       |       |     1 |     1 ||     2
Armor: Scale mail        |    38 |    63 |    50 |    31 ||   182
Dodge: Dodged            |    19 |    45 |    61 |    46 ||   171
Block: Shield            |    36 |    79 |   113 |    63 ||   291
